 Seeded DCSS version 0.30-a0-393-g54b8e3be05 (webtiles) character file.

Game seed: 12062022 (custom seed)

319 McGhostyFace the Magician (level 6, 0/51 HPs)
             Began as a Gnoll Wanderer on Dec 6, 2022.
             Slain by an iguana (4 damage)
             ... on level 4 of the Dungeon.
             The game lasted 00:06:33 (3420 turns).

McGhostyFace the Magician (Gnoll Wanderer)          Turns: 3420, Time: 00:06:34

Health: 0/51       AC:  4    Str: 17    XL:     6   Next: 46%
Magic:  12/14      EV: 12    Int: 14    God:
Gold:   116        SH:  0    Dex: 11    Spells: 14/15 levels left

rFire   . . .      SeeInvis .    r - +2 hand axe (vorpal)
rCold   . . .      Faith    .    (no shield)
rNeg    . . .      Spirit   .    o - +0 leather armour
rPois   .          Reflect  .    a - +0 helmet
rElec   .          Harm     .    (no cloak)
rCorr   .          Rampage  .    (no gloves)
Will    .....                    (no boots)
Stlth   ++........               (no amulet)
HPRegen 0.28/turn                u - +6 ring of strength
MPRegen 0.14/turn                (no ring)

@: very slightly contaminated
A: fangs 1, strong nose, distributed training
a: no special abilities


You were on level 4 of the Dungeon.
You visited 1 branch of the dungeon, and saw 4 of its levels.

You collected 116 gold pieces.

Inventory:

Hand Weapons
 f - a +0 mace
 r - a +2 vorpal hand axe (weapon)
Missiles
 w - 5 poisoned darts
Armour
 a - a +0 helmet (worn)
 o - a +0 leather armour (worn)
Jewellery
 u - a +6 ring of strength (left hand)
Scrolls
 c - a scroll of enchant weapon {unknown}
 g - 2 scrolls of blinking {unknown}
 h - a scroll of poison {unknown}
 i - 2 scrolls of butterflies {unknown}
 k - a scroll of fear {unknown}
 m - 3 scrolls of identify {unknown}
 n - 2 scrolls of teleportation {unknown}
 v - a scroll of vulnerability {unknown}
Potions
 b - a potion of heal wounds
 d - a potion of lignification
 e - 4 potions of curing {unknown}
 j - a potion of degeneration {unknown}
 l - 2 potions of brilliance {unknown}
 p - a potion of haste
 q - a potion of resistance {unknown}
 s - a potion of might {unknown}
 t - a potion of flight {unknown}
 x - a potion of magic {unknown}


   Skills:
 + Level 5.0 Fighting
 + Level 2.0 Short Blades
 + Level 2.0 Long Blades
 + Level 2.0 Axes
 + Level 2.0 Maces & Flails
 + Level 2.0 Polearms
 + Level 2.0 Staves
 + Level 2.0 Ranged Weapons
 + Level 2.0 Throwing
 + Level 2.0 Armour
 + Level 3.3 Dodging
 + Level 2.0 Stealth
 + Level 2.0 Shields
 + Level 2.0 Unarmed Combat
 + Level 5.4 Spellcasting
 + Level 1.6 Conjurations
 + Level 1.6 Hexes
 + Level 1.6 Summonings
 + Level 1.6 Necromancy
 + Level 1.6 Translocations
 + Level 1.6 Transmutations
 + Level 1.6 Fire Magic
 + Level 2.7 Ice Magic
 + Level 1.6 Air Magic
 + Level 1.6 Earth Magic
 + Level 4.1 Poison Magic
 + Level 3.4 Invocations
 + Level 3.3 Evocations


You had 14 spell levels left.
You knew the following spells:

 Your Spells              Type           Power      Damage    Failure   Level
a - Sting                 Tmut/Pois      44%        1d5       6%          1

Your spell library contained the following spells:

 Spells                   Type           Power      Damage    Failure   Level
 Freeze                   Ice            44%        1d6       7%          1
 Poisonous Vapours        Pois/Air       22%        N/A       9%          2
 Sandblast                Erth           16%        2d6       11%         1
 Passwall                 Tmut/Erth      6%         N/A       16%         2
 Scorch                   Fire           16%        2d5       16%         2
 Hailstorm                Conj/Ice       9%         3d4       24%         3
 Stone Arrow              Conj/Erth      16%        3d8       30%         3
 Olgreb's Toxic Radiance  Pois           15%        N/A       34%         4
 Flame Wave               Conj/Fire      8%         2d5       71%         4
 Summon Cactus Giant      Summ           4%         N/A       100%        6


Dungeon Overview and Level Annotations

Branches:
Dungeon (4/15)
 Temple: D:4-7

Altars:
Vehumet


Innate Abilities, Weirdness & Mutations

You have very sharp teeth.
Your uncanny sense of smell can sniff out nearby items.
Your experience applies equally to all skills.


Message History

You hit the iguana. You bite the iguana, but do no damage.
The iguana is lightly wounded.
The iguana misses you.
You hit the iguana. Your bite misses the iguana.
The iguana is heavily wounded.
The iguana bites you.
You barely miss the iguana.
The iguana is heavily wounded.
The iguana bites you.
You hit the iguana but do no damage.
The iguana is heavily wounded.
The iguana barely misses you. The iguana bites you.
You hit the iguana but do no damage.
The iguana is heavily wounded.
The iguana misses you.
You closely miss the iguana.
The iguana is heavily wounded.
The iguana bites you!
Casting: Sting (safe; 6% risk of failure)
Confirm with . or Enter, or press ? or * to list all spells.
Aiming: Sting (safe; 6% risk of failure)
Press: ? - help, Shift-Dir - straight line, f - iguana
Aim: an iguana (heavily wounded, 75% to hit)
You miscast Sting.
You are very lightly contaminated with residual magic.
Nothing appears to happen.
The iguana misses you.
Unknown command.
Casting: Sting (safe; 6% risk of failure)
Confirm with . or Enter, or press ? or * to list all spells.
Aiming: Sting (safe; 6% risk of failure)
Press: ? - help, Shift-Dir - straight line, f/p - iguana
Aim: an iguana (heavily wounded, 75% to hit)
The sting hits the iguana.
The iguana is poisoned.
The iguana is heavily wounded.
The iguana bites you!
* * * LOW HITPOINT WARNING * * *
The iguana attacks as you move away! The iguana bites you!
* * * LOW HITPOINT WARNING * * *
The iguana attacks as you move away! The iguana bites you.
You die...

#......##.#
#......#.#
#...8...##
#........## .#
###......#..#.. ..
....
......Z......# ..
#..#
#.#####W##.###
..###..### #l# .#
....#... #@# #
...P##.# #.#
....##.#########.#
....#...#........#
..........########
##.##.>.###
#.###.## ##.# #.#
...# #.#


You could see a phantom, an iguana (poisoned) and an adder skeleton.

Vanquished Creatures
  A bullfrog skeleton (D:4)
  2 scorpion zombies (D:4)
  Natasha (twice) (D:2)
  An orc wizard (D:3)
  A hound skeleton (D:4)
  A howler monkey zombie (D:4)
  5 adders
  2 adder zombies (D:4)
  2 dart slugs
  5 orcs
  4 bats
  3 endoplasms
  7 giant cockroaches
  5 goblins
  7 hobgoblins
  10 jackals (D:2)
  4 quokkas
  5 ball pythons
  2 frilled lizards
  6 kobolds
  8 rats
83 creatures vanquished.

Vanquished Creatures (others)
  A withered plant (D:4)
1 creature vanquished.

Grand Total: 84 creatures vanquished

Notes
Turn   | Place    | Note
-------+----------+-------------------------------------------
     0 | D:1      | McGhostyFace the Gnoll Wanderer began the quest for the
                  | Orb.
     0 | D:1      | McGhostyFace set off with the following items: a +0 club, a
                  | potion of heal wounds, a +0 robe, a potion of
                  | lignification; and the following spells available to
                  | memorise: Freeze, Sting, Poisonous Vapours, Hailstorm,
                  | Olgreb's Toxic Radiance.
     0 | D:1      | Reached XP level 1. HP: 20/20 MP: 6/6
    58 | D:1      | Learned a level 1 spell: Sting
   421 | D:1      | Reached XP level 2. HP: 26/26 MP: 4/7
  1298 | D:2      | Reached skill level 5 in Spellcasting
  1298 | D:2      | Reached XP level 3. HP: 31/31 MP: 5/9
  1654 | D:2      | Reached skill level 1 in Short Blades
  1654 | D:2      | Reached skill level 1 in Long Blades
  1654 | D:2      | Reached skill level 1 in Axes
  1654 | D:2      | Reached skill level 1 in Maces & Flails
  1654 | D:2      | Reached skill level 1 in Polearms
  1654 | D:2      | Reached skill level 1 in Staves
  1654 | D:2      | Reached skill level 1 in Ranged Weapons
  1654 | D:2      | Reached skill level 1 in Throwing
  1654 | D:2      | Reached skill level 1 in Armour
  1654 | D:2      | Reached skill level 1 in Stealth
  1654 | D:2      | Reached skill level 1 in Shields
  1654 | D:2      | Reached skill level 1 in Unarmed Combat
  1676 | D:2      | Reached XP level 4. HP: 18/38 MP: 1/11
  1973 | D:2      | Reached skill level 1 in Conjurations
  1973 | D:2      | Reached skill level 1 in Hexes
  1973 | D:2      | Reached skill level 1 in Summonings
  1973 | D:2      | Reached skill level 1 in Necromancy
  1973 | D:2      | Reached skill level 1 in Translocations
  1973 | D:2      | Reached skill level 1 in Transmutations
  1973 | D:2      | Reached skill level 1 in Fire Magic
  1973 | D:2      | Reached skill level 1 in Air Magic
  1973 | D:2      | Reached skill level 1 in Earth Magic
  2009 | D:2      | Noticed Natasha
  2018 | D:2      | Killed Natasha
  2256 | D:2      | Noticed Natasha
  2269 | D:2      | Killed Natasha
  2270 | D:2      | Reached XP level 5. HP: 12/43 MP: 5/12
  2699 | D:3      | Found a radiant altar of Vehumet.
  3250 | D:4      | Reached XP level 6. HP: 33/50 MP: 13/13
  3327 | D:4      | Reached skill level 5 in Fighting
  3420 | D:4      | Slain by an iguana

Illustrated notes

Levels and vault maps discovered:
D:1:      lightli_molten_gateway, layout_basic
D:2:      layout_basic, uniq_natasha
D:3:      minmay_inner_zag, layout_rooms, mainiacjoe_overflow_tiny_flanked
D:4:      layout_loops_ring, temple_pool_b, serial_undead, serial_undead_c,
          serial_undead_a, serial_undead_d, serial_undead_b, serial_undead_e,
          serial_undead_e, serial_undead_d, serial_undead_d, grunt_ministairs_3,
          uniq_ijyb

Skill      XL: |  1  2  3  4  5  6 |
---------------+-------------------+-----
Ice Magic      | 2 |  2.7
Spellcasting   | 5 |  5.4
Short Blades   | 1 2 |  2.0
Long Blades    | 1 2 |  2.0
Axes           | 1 2 |  2.0
Maces & Flails | 1 2 |  2.0
Polearms       | 1 2 |  2.0
Staves         | 1 2 |  2.0
Ranged Weapons | 1 2 |  2.0
Throwing       | 1 2 |  2.0
Armour         | 1 2 |  2.0
Stealth        | 1 2 |  2.0
Shields        | 1 2 |  2.0
Unarmed Combat | 1 2 |  2.0
Conjurations   | 1 |  1.6
Hexes          | 1 |  1.6
Summonings     | 1 |  1.6
Necromancy     | 1 |  1.6
Translocations | 1 |  1.6
Transmutations | 1 |  1.6
Fire Magic     | 1 |  1.6
Air Magic      | 1 |  1.6
Earth Magic    | 1 |  1.6
Invocations    | 3 |  3.4
Dodging        | 3 |  3.3
Evocations     | 3 |  3.3
Poison Magic   | 4 |  4.1
Fighting       | 5 |  5.0

Action                   |  1- 3 |  4- 6 || total
-------------------------+-------+-------++-------
Melee: Club              |    29 |       ||    29
       Bite              |     3 |     9 ||    12
       Mace              |    11 |    15 ||    26
       Hand axe          |       |    64 ||    64
 Cast: Sting             |    65 |    68 ||   133
Armor: Robe              |    17 |     2 ||    19
       Leather armour    |       |    34 ||    34
Dodge: Dodged            |    58 |    73 ||   131

Table legend: (Time is in decaauts)
 A = Elapsed time spent in this place.
 B = Non-inter-level travel time spent in this place.
 C = Inter-level travel time spent in this place.
 D = Time resting spent in this place.
 E = Time spent auto-exploring this place.
 F = Levels seen in this place.
 G = Mean time per level.
                   A        B        C        D        E       F      G
               +--------+--------+--------+--------+--------+-----+--------+
         Total |   3463 |   3395 |     68 |    814 |   1982 |   4 |  865.8 |
       Dungeon |   3463 |   3395 |     68 |    814 |   1982 |   4 |  865.8 |
               +--------+--------+--------+--------+--------+-----+--------+

Top non-repeatable levels by time:
     D:1: 1260 daAuts
     D:2: 1174 daAuts
     D:3: 806 daAuts
     D:4: 222 daAuts
